 Dungeon Crawl Stone Soup version 0.16.1-18-g436b03c (webtiles) character file.

3362 theElss the Basher (level 10, -1/63 HPs)
             Began as a Gargoyle Berserker on May 6, 2015.
             Was an Elder of Trog.
             Slain by an elephant (8 damage)
             ... on level 8 of the Dungeon.
             The game lasted 00:24:21 (6726 turns).

theElss the Basher (Gargoyle Berserker)             Turns: 6726, Time: 00:24:21

Health: -1/63      AC: 20    Str: 26    XL:     10   Next: 3%
Magic:  10/10      EV: 10    Int:  8    God:    Trog [****..]
Gold:   282        SH:  0    Dex: 10    Spells: 0 memorised, 9 levels left

rFire  . . .     SeeInvis +     y - +0 morningstar (curse)
rCold  . . .     Clarity  .     r - +0 chain mail
rNeg   + . .     SustAb   .     (no shield)
rPois  ∞         Gourm    .     (no helmet)
rElec  +         Spirit   .     (no cloak)
rCorr  .         Warding  .     m - +0 pair of gloves
rMut   .         Stasis   .     t - +0 pair of boots (curse)
MR     .....                    F - amulet of faith
Stlth  ..........               o - +3 ring of strength
                                e - ring of see invisible

@: exhausted, slowed, very slow, not resistant to hostile enchantments,
extremely unstealthy
A: negative energy resistance 1, electricity resistance, unbreathing,
petrification resistance, rot immunity, AC +7
a: Burn Spellbooks, Berserk, Trog's Hand, Brothers in Arms, Renounce Religion


You were on level 8 of the Dungeon.
You worshipped Trog.
Trog was greatly pleased with you.
You were near starving.

You visited 1 branch of the dungeon, and saw 8 of its levels.
You also visited: Ossuary.

You collected 282 gold pieces.

Inventory:

Hand weapons
 a - a cursed +0 mace
 y - a cursed +0 morningstar (weapon)
 P - the +5 dagger of Qeham {flame, Str+3 Int+2 Dex-5, unknown}
   (You found it on level 7 of the Dungeon)

   It has been specially enchanted to burn those struck by it, causing extra
   injury to most foes and up to half again as much damage against particularly
   susceptible opponents.
   It affects your strength (+3).
   It affects your intelligence (+2).
   It affects your dexterity (-5).
 S - a +0 whip of freezing
Armour
 b - a +0 animal skin
 m - a +0 pair of gloves (worn)
 r - a +0 chain mail (worn)
 t - a cursed +0 pair of boots (worn)
Rods
 Q - a +2 iron rod (11/11)
   (You found it on level 7 of the Dungeon)
Jewellery
 e - a ring of see invisible (left hand)
 o - a +3 ring of strength (right hand)
 F - an amulet of faith (around neck)
 O - an uncursed ring of magical power
Magical devices
 z - a wand of confusion (0)
Scrolls
 f - 11 scrolls of identify {unknown}
 g - a scroll of brand weapon {unknown}
 i - a scroll of recharging {unknown}
 k - 2 scrolls of enchant weapon {unknown}
 l - 5 scrolls of fear {unknown}
 n - 6 scrolls of remove curse {unknown}
 p - 5 scrolls of teleportation {unknown}
 s - 2 scrolls of random uselessness {unknown}
 u - 2 scrolls of immolation {unknown}
 D - a scroll of amnesia {unknown}
 E - a scroll of fog {unknown}
 L - 2 scrolls of vulnerability {unknown}
 M - a scroll of blinking {unknown}
Potions
 d - 4 potions of invisibility {unknown}
 h - a potion of cancellation {unknown}
 j - 2 potions of magic {unknown}
 A - a potion of degeneration {unknown}
 B - a potion of berserk rage {unknown}
 C - a potion of might {unknown}
 G - a potion of beneficial mutation {unknown}
 I - 2 potions of agility
 J - a potion of lignification {unknown}
 K - 2 potions of flight {unknown}
 R - a potion of curing
Books
 v - a book of Callings

   Spells                             Type                      Level
   a - Summon Small Mammal            Summoning                    1
   b - Call Imp                       Summoning                    2
   c - Call Canine Familiar           Summoning                    3
   d - Summon Guardian Golem          Hexes/Summoning              4
   e - Summon Lightning Spire         Summoning/Air                4
   f - Summon Ice Beast               Ice/Summoning                4
   Trog disapproves of the use of such an item.
 H - a book of the Dragon

   Spells                             Type                      Level
   a - Flight                         Charms/Air                   3
   b - Cause Fear                     Hexes                        4
   c - Bolt of Fire                   Conjuration/Fire             6
   d - Dragon Form                    Transmutation                7
   e - Dragon's Call                  Summoning                    9
   Trog disapproves of the use of such an item.
Comestibles
 c - 8 bread rations
 q - 3 meat rations
 w - 2 slices of pizza
 x - 2 fruits
 N - 2 chunks of flesh


   Skills:
 + Level 7.3 Fighting
 * Level 9.4 Maces & Flails
 + Level 7.0 Armour
 + Level 5.4 Dodging


You had 9 spell levels left.
You didn't know any spells.

Dungeon Overview and Level Annotations

Branches:
Dungeon (8/15)             Temple (0/1) D:6            Lair (0/8) D:8

Altars:
Elyvilon
Kikubaaqudgha
Sif Muna
Xom
The Shining One

Shops:
D:4 }   D:7 %*=


Innate Abilities, Weirdness & Mutations

You are resistant to torment.
You are immune to poison.
Your stone body is very resilient (AC +7).
You resist negative energy.
You are resistant to electric shocks.
You can survive without breathing.
You are immune to petrification.
You are immune to rotting.


Message History

A hobgoblin comes into view. It is wielding a club.
The hobgoblin closely misses you.
You puncture the hobgoblin!
You kill the hobgoblin!
Trog accepts your kill. The elephant tramples you!
* * * LOW HITPOINT WARNING * * *
You hold your ground!
The elephant barely misses you. The elephant tramples you.
* * * LOW HITPOINT WARNING * * *
You hold your ground!
The elephant trunk-slaps you but does no damage.
Found 13 gold pieces.
You see here a club.
Read which item? (? for menu, Esc to quit)
Okay, then.
You sock the elephant!
The elephant is moderately wounded.
The elephant tramples you!
You die...

##... # . ####....
... .# #.......
..# #.###.##....
$.###
##......##>.. ....
........(.(.. ..#
#...##..####. #.#
#...##).# #( #@#
##..[##..####.
#Y###.r#.....Br[B.
#.o.r.#.##.#.####.
#######.o..B.# #.
#...........
#.........#.
#...........
##.?...##...
####### ###


You could see an elephant and an orc.

Vanquished Creatures
  A death yak (D:8)
  Pikel (D:7)
  Grinder (D:4)
  A water moccasin (D:8)
  An orc warrior (D:8)
  3 phantoms
  A sky beast (D:6)
  2 ogres (D:7)
  2 slaves (D:7)
  A centaur (D:7)
  A crocodile (D:8)
  A goliath beetle (D:7)
  3 hounds
  4 crimson imps (D:4)
  A human zombie (Ossuary)
  2 centaur zombies (Ossuary)
  A quasit (D:7)
  A giant frog skeleton (D:4)
  2 iguanas (D:4)
  7 orc wizards
  A jelly (D:7)
  Natasha (D:3)
  8 worker ants
  A big kobold zombie (Ossuary)
  Jessica (D:2)
  2 mummies (Ossuary)
  7 adders
  2 worms
  4 adder skeletons
  6 giant geckos
  2 oozes (D:3)
  22 orcs
  A ball python (D:1)
  11 goblins
  14 hobgoblins
  10 kobolds
  4 quokkas
  13 bats
  3 giant cockroaches
  A giant gecko skeleton (D:5)
  7 giant newts
  2 goblin zombies (Ossuary)
  7 hobgoblin zombies (Ossuary)
  5 jackals
  2 jackal zombies
  10 kobold zombies (Ossuary)
  12 orc zombies
  A quokka skeleton (D:6)
  12 rats
  2 rat zombies (Ossuary)
211 creatures vanquished.

Vanquished Creatures (others)
  A slave (D:7)
1 creature vanquished.

Grand Total: 212 creatures vanquished

Notes
Turn   | Place    | Note
--------------------------------------------------------------
     0 | D:1      | theElss, the Gargoyle Berserker, began the quest for the Orb.
     0 | D:1      | Reached XP level 1. HP: 14/14 MP: 1/1
   198 | D:1      | Reached XP level 2. HP: 17/19 MP: 2/2
   290 | D:1      | Acquired Trog's second power
   609 | D:1      | Reached XP level 3. HP: 20/23 MP: 3/3
   737 | D:2      | Noticed Jessica
   757 | D:2      | Killed Jessica
   987 | D:2      | Reached XP level 4. HP: 10/29 MP: 4/4
  1414 | D:2      | Found a deep blue altar of Sif Muna.
  1626 | D:3      | Reached skill level 4 in Maces & Flails
  1771 | D:3      | Noticed Natasha
  1779 | D:3      | Killed Natasha
  1779 | D:3      | Reached XP level 5. HP: 25/33 MP: 5/5
  2102 | D:3      | Found a glowing golden altar of the Shining One.
  2563 | D:4      | Found Osuz's Gadget Boutique.
  2616 | D:4      | Reached XP level 6. HP: 14/38 MP: 6/6
  2628 | D:4      | Reached skill level 5 in Maces & Flails
  2964 | D:4      | Found a shimmering altar of Xom.
  3305 | D:4      | Reached XP level 7. HP: 42/44 MP: 7/7
  3538 | D:4      | Noticed Grinder
  3545 | D:4      | Paralysed by Grinder for 4 turns
  3590 | D:4      | HP: 3/66 [Grinder (4)]
  3591 | D:4      | Killed Grinder
  3591 | D:4      | Reached skill level 5 in Fighting
  3591 | D:4      | Reached skill level 6 in Maces & Flails
  3605 | D:4      | HP: 1/44 [crimson imp/dagger of chaos (3)]
  3685 | D:4      | Paralysed by a crimson imp for 6 turns
  3898 | D:4      | Reached XP level 8. HP: 35/49 MP: 8/8
  4009 | D:5      | Entered Level 5 of the Dungeon
  4104 | D:5      | Acquired Trog's third power
  4696 | D:6      | Found an ancient bone altar of Kikubaaqudgha.
  4697 | D:6      | Found a staircase to the Ecumenical Temple.
  4868 | D:6      | Found a white marble altar of Elyvilon.
  4895 | D:6      | Found a sand-covered staircase.
  4901 | D:6      | Reached skill level 5 in Armour
  4917 | Ossuary  | Entered an ossuary
  5073 | Ossuary  | Reached skill level 7 in Maces & Flails
  5306 | D:7      | Found Siecunaz's Food Shop.
  5336 | D:7      | Got an iridescent dagger
  5663 | D:7      | Noticed Pikel
  5893 | D:7      | Found Ixuotymu's Jewellery Shop.
  6009 | D:7      | Reached XP level 9. HP: 55/55 MP: 9/9
  6084 | D:7      | Found Clurghom's Assorted Antiques.
  6283 | D:7      | Reached skill level 8 in Maces & Flails
  6400 | D:7      | Killed Pikel
  6599 | D:8      | Reached skill level 5 in Dodging
  6652 | D:8      | Noticed a death yak
  6653 | D:8      | Noticed an elephant
  6653 | D:8      | Found a staircase to the Lair.
  6705 | D:8      | Killed a death yak
  6705 | D:8      | Reached skill level 9 in Maces & Flails
  6705 | D:8      | Reached XP level 10. HP: 16/63 MP: 10/10
  6726 | D:8      | Slain by an elephant

Action                   |  1- 3 |  4- 6 |  7- 9 | 10-12 || total
-------------------------+-------+-------+-------+-------++-------
Melee: Mace              |   103 |   283 |       |       ||   386
       Morningstar       |       |       |   500 |     5 ||   505
Invok: Berserk           |     1 |     2 |     4 |       ||     7
       Trog's Hand       |       |       |     1 |       ||     1
  Use: Potion            |       |     1 |     1 |     1 ||     3
  Eat: Chunk             |     1 |    10 |    15 |       ||    26
